| TOP OF THE 1ST |
|
Jacksonville Suns batting - Pitching for Mississippi Braves : LHP Carlos Salcido
|
|
Pitching: LHP Carlos Salcido
|
|
|
Batting: LHB Orlando Rivera
|
0-0: Ground out 6-3 (Groundball, 6, EV 93.8 MPH)
|
|
Batting: RHB Rafael Irizarry
|
0-0: Foul Ball, location: 2F 0-1: Foul Ball, location: 2F 0-2: Strikes out swinging
|
|
Batting: RHB Jack Power
|
0-0: Foul Ball, location: 2F 0-1: Ball 1-1: DOUBLE (Line Drive, 78D, EV 106.9 MPH)
|
|
Batting: RHB Reomel Somera
|
0-0: Ball 1-0: Foul Ball, location: 2F 1-1: Ball 2-1: Called Strike 2-2: Fly out, F4 (Line Drive, 4M, EV 68.1 MPH)
|
| Top of the 1st over - 0 runs, 1 hit, 0 errors, 1 left on base; Jacksonville 0 - Mississippi 0 |
| BOTTOM OF THE 1ST |
|
Mississippi Braves batting - Pitching for Jacksonville Suns : RHP Jorge Lara
|
|
Pitching: RHP Jorge Lara
|
|
|
Batting: LHB Sal Fernandez
|
0-0: Ball 1-0: Ball 2-0: Bunt for hit to 56S - play at first, batter safe!
|
|
Batting: RHB Paul Landes
|
0-0: Called Strike Sal Fernandez is caught stealing 2nd base 2-4 0-1: Ball 1-1: Ball 2-1: Swinging Strike 2-2: Strikes out swinging
|
|
Batting: LHB Art D'Ascenzo
|
0-0: Fly out, F3 (Line Drive, 34, EV 74.4 MPH)
|
| Bottom of the 1st over - 0 runs, 1 hit, 0 errors, 0 left on base; Jacksonville 0 - Mississippi 0 |
| TOP OF THE 2ND |
|
Jacksonville Suns batting - Pitching for Mississippi Braves : LHP Carlos Salcido
|
|
Batting: RHB Akira Suzuki
|
0-0: Ball 1-0: Ground out 5-3 (Groundball, 56, EV 85.0 MPH)
|
|
Batting: SHB Greg Rivera
|
0-0: Ball 1-0: Ball 2-0: Called Strike 2-1: Fly out, F7 (Flyball, 78D, EV 96.9 MPH)
|
|
Batting: RHB Len Graham
|
0-0: Fly out, F8 (Line Drive, 8LD, EV 86.9 MPH)
|
| Top of the 2nd over - 0 runs, 0 hits, 0 errors, 0 left on base; Jacksonville 0 - Mississippi 0 |
| BOTTOM OF THE 2ND |
|
Mississippi Braves batting - Pitching for Jacksonville Suns : RHP Jorge Lara
|
|
Batting: RHB Eddie McCoy
|
0-0: Called Strike 0-1: Swinging Strike 0-2: Foul Ball, location: 2F 0-2: Ball 1-2: Strikes out swinging, 2-3 out at first.
|
|
Batting: RHB Hieronim Rutkowski
|
0-0: SINGLE (Groundball, 5D, EV 102.5 MPH)
|
|
Batting: SHB Jose Melendez
|
0-0: Ball Hieronim Rutkowski steals 2nd base 1-0: Swinging Strike 1-1: Ball 2-1: Ball 3-1: SINGLE (Line Drive, 7S, EV 111.9 MPH) Hieronim Rutkowski to third Runner from 3rd tries for Home, SAFE, throw by LF to home
|
|
Batting: RHB Tim Molchan
|
0-0: Called Strike Jose Melendez is caught stealing 2nd base 2-4 0-1: Ground out 4-3 (Groundball, 4, EV 80.6 MPH)
|
| Bottom of the 2nd over - 1 run, 2 hits, 0 errors, 0 left on base; Jacksonville 0 - Mississippi 1 |
| TOP OF THE 3RD |
|
Jacksonville Suns batting - Pitching for Mississippi Braves : LHP Carlos Salcido
|
|
Batting: RHB Larry LeFever
|
0-0: Ball 1-0: Swinging Strike 1-1: Foul Ball, location: 2F 1-2: Strikes out swinging
|
|
Batting: LHB Matt McKeon
|
0-0: Ball 1-0: Swinging Strike 1-1: Called Strike 1-2: Ball 2-2: Ground out 4-3 (Groundball, 4, EV 84.4 MPH)
|
|
Batting: LHB Orlando Rivera
|
0-0: Foul Ball, location: 2F 0-1: Ball 1-1: SINGLE (Line Drive, 34, EV 103.1 MPH)
|
|
Batting: RHB Rafael Irizarry
|
0-0: Called Strike 0-1: Ball 1-1: Fly out, F9 (Flyball, 89M, EV 94.4 MPH)
|
| Top of the 3rd over - 0 runs, 1 hit, 0 errors, 1 left on base; Jacksonville 0 - Mississippi 1 |
| BOTTOM OF THE 3RD |
|
Mississippi Braves batting - Pitching for Jacksonville Suns : RHP Jorge Lara
|
|
Batting: RHB Elias Vences
|
0-0: Bunt missed! 0-1: Fly out, F7 (Line Drive, 78D, EV 111.2 MPH)
|
|
Batting: RHB Gerard Michel
|
0-0: Called Strike 0-1: Ball 1-1: Fly out, F8 (Line Drive, 8RM, EV 90.0 MPH)
|
|
Batting: LHB Sal Fernandez
|
0-0: Ball 1-0: Ball 2-0: Called Strike 2-1: Foul Ball, location: 2F 2-2: Strikes out swinging
|
| Bottom of the 3rd over - 0 runs, 0 hits, 0 errors, 0 left on base; Jacksonville 0 - Mississippi 1 |
| TOP OF THE 4TH |
|
Jacksonville Suns batting - Pitching for Mississippi Braves : LHP Carlos Salcido
|
|
Batting: RHB Jack Power
|
0-0: Ball 1-0: Fly out, F9 (Flyball, 9, EV 91.2 MPH)
|
|
Batting: RHB Reomel Somera
|
0-0: Ball 1-0: Ball 2-0: Ball 3-0: Base on Balls
|
|
Batting: RHB Akira Suzuki
|
0-0: Fielders Choice at 2nd, 4-6 (Groundball, 4S, EV 87.5 MPH)
|
|
Batting: SHB Greg Rivera
|
0-0: Called Strike 0-1: Hit by Pitch Akira Suzuki to second
|
|
Batting: RHB Len Graham
|
0-0: Ball 1-0: Called Strike 1-1: Ball 2-1: Foul Ball, location: 2F 2-2: Strikes out swinging
|
| Top of the 4th over - 0 runs, 0 hits, 0 errors, 2 left on base; Jacksonville 0 - Mississippi 1 |
| BOTTOM OF THE 4TH |
|
Mississippi Braves batting - Pitching for Jacksonville Suns : RHP Jorge Lara
|
|
Batting: RHB Paul Landes
|
0-0: Called Strike 0-1: SINGLE (Groundball, 6MD, EV 95.6 MPH)
|
|
Batting: LHB Art D'Ascenzo
|
0-0: Called Strike 0-1: Ball 1-1: Ball 2-1: Ball 3-1: Fielders Choice at 2nd, 2-6 (Groundball, 2R, EV 64.4 MPH)
|
|
Batting: RHB Eddie McCoy
|
0-0: Ball 1-0: Ball Pickoff Throw by Catcher to First - Error! E2 Art D'Ascenzo to second 2-0: Ball 3-0: Base on Balls
|
|
Batting: RHB Hieronim Rutkowski
|
0-0: Grounds into double play, 5-4-3 (Groundball, 5, EV 91.9 MPH)
|
| Bottom of the 4th over - 0 runs, 1 hit, 1 error, 1 left on base; Jacksonville 0 - Mississippi 1 |
| TOP OF THE 5TH |
|
Jacksonville Suns batting - Pitching for Mississippi Braves : LHP Carlos Salcido
|
|
Batting: RHB Larry LeFever
|
0-0: Ball 1-0: Ball 2-0: SINGLE (Flyball, 78S, EV 85.6 MPH)
|
|
Batting: LHB Matt McKeon
|
0-0: Called Strike 0-1: Called Strike 0-2: Foul Ball, location: 2F 0-2: Ball 1-2: Foul Ball, location: 2F 1-2: Ball 2-2: Strikes out swinging
|
|
Batting: LHB Orlando Rivera
|
0-0: Swinging Strike 0-1: Ground out 5-3 (Groundball, 6S, EV 68.8 MPH) Larry LeFever to second
|
|
Batting: RHB Rafael Irizarry
|
0-0: Ball 1-0: Called Strike 1-1: Ball 2-1: Swinging Strike 2-2: Foul Ball, location: 2F 2-2: TRIPLE (Line Drive, 9D, EV 100.0 MPH) Larry LeFever scores
|
|
Batting: RHB Jack Power
|
0-0: SINGLE (Groundball, 56D, EV 101.2 MPH) Rafael Irizarry scores
|
|
Batting: RHB Reomel Somera
|
0-0: Ball 1-0: Ball 2-0: Ball 3-0: Base on Balls Jack Power to second
|
|
Batting: RHB Akira Suzuki
|
0-0: Called Strike 0-1: Foul Ball, location: 2F 0-2: Fly out, F9 (Flyball, 89D, EV 101.9 MPH)
|
| Top of the 5th over - 2 runs, 3 hits, 0 errors, 2 left on base; Jacksonville 2 - Mississippi 1 |
| BOTTOM OF THE 5TH |
|
Mississippi Braves batting - Pitching for Jacksonville Suns : RHP Jorge Lara
|
|
Batting: SHB Jose Melendez
|
0-0: Ball 1-0: Ball 2-0: Ball 3-0: Base on Balls
|
|
Batting: RHB Tim Molchan
|
0-0: Hit by Pitch Jose Melendez to second
|
|
Batting: RHB Elias Vences
|
0-0: SINGLE (Groundball, 56, EV 95.0 MPH) Jose Melendez to third Tim Molchan to second Runner from 3rd tries for Home, SAFE, throw by LF to home
|
|
Batting: RHB Gerard Michel
|
0-0: SINGLE (Line Drive, 6D, EV 95.6 MPH) Tim Molchan to third Elias Vences to second
|
|
Batting: LHB Sal Fernandez
|
0-0: Foul Ball, location: 2F 0-1: Ball 1-1: Foul Ball, location: 2F 1-2: Ball 2-2: Ball 3-2: Base on Balls Tim Molchan scores Elias Vences to third Gerard Michel to second
|
|
Batting: RHB Paul Landes
|
0-0: Ball 1-0: Called Strike 1-1: SINGLE (Groundball, 6MD, EV 103.8 MPH) Elias Vences scores Gerard Michel to third Sal Fernandez to second Runner from 3rd tries for Home, SAFE, throw by CF to home
|
|
Pitching: RHP Earl Shepherd
|
|
|
Batting: LHB Art D'Ascenzo
|
0-0: Called Strike 0-1: Foul Ball, location: 2F 0-2: Strikes out swinging
|
|
Batting: RHB Eddie McCoy
|
0-0: Ball 1-0: Foul Ball, location: 2F 1-1: Ball 2-1: Ball 3-1: Base on Balls Sal Fernandez to third Paul Landes to second
|
|
Batting: RHB Hieronim Rutkowski
|
0-0: Ball 1-0: Ball 2-0: Ball 3-0: Called Strike 3-1: Base on Balls Sal Fernandez scores Paul Landes to third Eddie McCoy to second
|
|
Batting: SHB Jose Melendez
|
0-0: Called Strike 0-1: Ball 1-1: Fly out, F9 (Flyball, 9LS, EV 95.6 MPH)
|
|
Batting: RHB Tim Molchan
|
0-0: Swinging Strike 0-1: Foul Ball, location: 2F 0-2: Strikes out swinging
|
| Bottom of the 5th over - 5 runs, 3 hits, 0 errors, 3 left on base; Jacksonville 2 - Mississippi 6 |
| TOP OF THE 6TH |
|
Jacksonville Suns batting - Pitching for Mississippi Braves : LHP Carlos Salcido
|
|
Batting: SHB Greg Rivera
|
0-0: Swinging Strike 0-1: Swinging Strike 0-2: Ball 1-2: SOLO HOME RUN (Flyball, 7D, EV 97.5 MPH), Distance : 375 ft
|
|
Batting: RHB Len Graham
|
0-0: Called Strike 0-1: Called Strike 0-2: Ball 1-2: Fly out, F4 (Popup, 3S, EV 78.1 MPH)
|
|
Batting: RHB Larry LeFever
|
0-0: Swinging Strike 0-1: Swinging Strike 0-2: Foul Ball, location: 2F 0-2: Foul Ball, location: 2F 0-2: Ball 1-2: Strikes out swinging
|
|
Pitching: RHP Justin Collins
|
|
|
Batting: LHB Matt McKeon
|
0-0: Called Strike 0-1: Called Strike 0-2: Foul Ball, location: 2F 0-2: Foul Ball, location: 2F 0-2: Ball 1-2: Foul Ball, location: 2F 1-2: Foul Ball, location: 2F 1-2: Strikes out looking
|
| Top of the 6th over - 1 run, 1 hit, 0 errors, 0 left on base; Jacksonville 3 - Mississippi 6 |
| BOTTOM OF THE 6TH |
|
Mississippi Braves batting - Pitching for Jacksonville Suns : RHP Earl Shepherd
|
|
Batting: RHB Elias Vences
|
0-0: Called Strike 0-1: Foul Ball, location: 2F 0-2: Ball 1-2: Ball 2-2: Ground out 4-3 (Groundball, 4, EV 101.2 MPH)
|
|
Batting: RHB Gerard Michel
|
0-0: Called Strike 0-1: Ball 1-1: Ball 2-1: Swinging Strike 2-2: Ball 3-2: Strikes out swinging
|
|
Batting: LHB Sal Fernandez
|
0-0: Swinging Strike 0-1: Ball 1-1: Foul Ball, location: 2F 1-2: Strikes out looking
|
| Bottom of the 6th over - 0 runs, 0 hits, 0 errors, 0 left on base; Jacksonville 3 - Mississippi 6 |
| TOP OF THE 7TH |
|
Jacksonville Suns batting - Pitching for Mississippi Braves : RHP Justin Collins
|
|
Batting: LHB Orlando Rivera
|
0-0: Called Strike 0-1: Called Strike 0-2: Foul Ball, location: 2F 0-2: Strikes out swinging
|
|
Batting: RHB Rafael Irizarry
|
0-0: Swinging Strike 0-1: Foul Ball, location: 2F 0-2: Strikes out swinging
|
|
Batting: RHB Jack Power
|
0-0: Foul Ball, location: 2F 0-1: Ball 1-1: Called Strike 1-2: Ball 2-2: Ground out 6-3 (Groundball, 6, EV 83.1 MPH)
|
| Top of the 7th over - 0 runs, 0 hits, 0 errors, 0 left on base; Jacksonville 3 - Mississippi 6 |
| BOTTOM OF THE 7TH |
|
Mississippi Braves batting - Pitching for Jacksonville Suns : RHP Earl Shepherd
|
|
Pitching: RHP Mike Yorke
|
|
|
Batting: RHB Paul Landes
|
0-0: Ball 1-0: Foul Ball, location: 5F, Error on foul ball, E5 1-1: Ball 2-1: Ground out 6-3 (Groundball, 6, EV 96.2 MPH)
|
|
Batting: LHB Art D'Ascenzo
|
0-0: Ball 1-0: SOLO HOME RUN (Flyball, 89XD, EV 105.6 MPH), Distance : 424 ft
|
|
Batting: RHB Eddie McCoy
|
0-0: Ball 1-0: Ball 2-0: Foul Ball, location: 2F 2-1: Foul Ball, location: 2F 2-2: Foul Ball, location: 2F 2-2: Foul Ball, location: 2F 2-2: Ball 3-2: Base on Balls
|
|
Batting: RHB Hieronim Rutkowski
|
0-0: Called Strike 0-1: Ball 1-1: Called Strike 1-2: Ball 2-2: Foul Ball, location: 2F 2-2: Ball 3-2: DOUBLE (Groundball, 5L, EV 106.9 MPH) Eddie McCoy to third Runner from 3rd tries for Home, SAFE, no throw by LF
|
|
Batting: SHB Jose Melendez
|
0-0: Ball 1-0: Ball 2-0: Ground out 5-3 (Groundball, 5, EV 103.8 MPH)
|
|
Pitching: RHP Dan Durand
|
|
|
Batting: RHB Tim Molchan
|
0-0: Ball 1-0: Ball 2-0: Ball 3-0: Base on Balls
|
|
Batting: RHB Elias Vences
|
0-0: Foul Ball, location: 2F 0-1: Foul Ball, location: 2F 0-2: Foul Ball, location: 2F 0-2: Foul Ball, location: 2F 0-2: Ball 1-2: SINGLE (Groundball, 25, EV 70.6 MPH) (infield hit) Hieronim Rutkowski to third Tim Molchan to second
|
|
Batting: RHB Gerard Michel
|
0-0: SINGLE (Line Drive, 4D, EV 97.5 MPH) Hieronim Rutkowski scores Tim Molchan to third Elias Vences to second Runner from 3rd tries for Home, throw by CF and OUT! 8-2
|
| Bottom of the 7th over - 3 runs, 4 hits, 1 error, 2 left on base; Jacksonville 3 - Mississippi 9 |
| TOP OF THE 8TH |
|
Jacksonville Suns batting - Pitching for Mississippi Braves : RHP Justin Collins
|
|
Batting: RHB Reomel Somera
|
0-0: Called Strike 0-1: Fly out, F8 (Flyball, 78M, EV 88.1 MPH)
|
|
Batting: RHB Akira Suzuki
|
0-0: Ball 1-0: Ground out 6-3 (Groundball, 6, EV 83.1 MPH)
|
|
Batting: SHB Greg Rivera
|
0-0: Ball 1-0: Foul Ball, location: 2F 1-1: Ground out 6-3 (Groundball, 6, EV 100.6 MPH)
|
| Top of the 8th over - 0 runs, 0 hits, 0 errors, 0 left on base; Jacksonville 3 - Mississippi 9 |
| BOTTOM OF THE 8TH |
|
Mississippi Braves batting - Pitching for Jacksonville Suns : RHP Dan Durand
|
|
Batting: LHB Sal Fernandez
|
0-0: Called Strike 0-1: Foul Ball, location: 2F 0-2: Ball 1-2: SINGLE (Groundball, 3S, EV 68.8 MPH) (infield hit)
|
|
Pitching: LHP Will Sledge
|
|
|
Batting: RHB Paul Landes
|
0-0: Swinging Strike 0-1: Ball 1-1: Called Strike Sal Fernandez is caught stealing 2nd base 2-4 1-2: Strikes out looking
|
|
Batting: LHB Art D'Ascenzo
|
0-0: Ball 1-0: Called Strike 1-1: Foul Ball, location: 2F 1-2: Strikes out swinging
|
| Bottom of the 8th over - 0 runs, 1 hit, 0 errors, 0 left on base; Jacksonville 3 - Mississippi 9 |
| TOP OF THE 9TH |
|
Jacksonville Suns batting - Pitching for Mississippi Braves : RHP Justin Collins
|
|
Batting: RHB Len Graham
|
0-0: Called Strike 0-1: Ball 1-1: Ground out 4-3 (Groundball, 4, EV 79.4 MPH)
|
|
Batting: RHB Larry LeFever
|
0-0: Foul Ball, location: 2F 0-1: Swinging Strike 0-2: Ball 1-2: Foul Ball, location: 2F 1-2: Strikes out swinging
|
|
Batting: LHB Matt McKeon
|
0-0: Called Strike 0-1: Foul Ball, location: 2F 0-2: Strikes out looking
|
| Top of the 9th over - 0 runs, 0 hits, 0 errors, 0 left on base; Jacksonville 3 - Mississippi 9 |
|